 Dungeon Crawl Stone Soup version 0.30.1-11-g7821555f0a (webtiles) character file.

Game seed: 7648671033410539353

216 Martska the Covered (level 5, 0/47 HPs)
             Began as a Minotaur Fighter on Dec 2, 2023.
             Was an Initiate of Zin.
             Slain by a killer bee (7 damage)
             ... on level 4 of the Dungeon.
             The game lasted 00:02:54 (2600 turns).

Martska the Covered (Minotaur Fighter)              Turns: 2600, Time: 00:02:55

Health: 0/47       AC:  7    Str: 22    XL:     5   Next: 61%
Magic:  4/4        EV: 10    Int:  5    God:    Zin [......]
Gold:   69         SH:  4    Dex: 10    Spells: 4/4 levels left

rFire   . . .        k - +4 whip
rCold   . . .        c - +0 buckler
rNeg    . . .        b - +0 scale mail
rPois   .            (helmet restricted)
rElec   .            (no cloak)
rCorr   .            (no gloves)
SInv    .            (no boots)
Will    .....        (no amulet) Stlth
                     (no ring)
HPRegen 0.27/turn    (no ring)
MPRegen 0.09/turn

%: no passive effects
@: lethally poisoned (0 -> -10)
A: horns 2, retaliatory headbutt
a: Renounce Religion, Donate Gold


You were on level 4 of the Dungeon.
You worshipped Zin.
Zin was noncommittal.
You visited 1 branch of the dungeon, and saw 4 of its levels.

You collected 76 gold pieces.
You donated 7 gold pieces to Zin.

Inventory:

Hand Weapons
 a - a +0 war axe
 k - a +4 whip (weapon)
Armour
 b - a +0 scale mail (worn)
 c - a +0 buckler (worn)
Jewellery
 s - an amulet of faith
Wands
 p - a wand of mindburst (6)
Scrolls
 e - 5 scrolls of identify {unknown}
 h - 2 scrolls of amnesia {unknown}
 i - a scroll of enchant armour {unknown}
 l - a scroll of fog {unknown}
 m - a scroll of teleportation {unknown}
 u - a scroll of enchant weapon {unknown}
Potions
 d - a potion of might
 f - a potion of flight {unknown}
 g - a potion of haste {unknown}
 j - a potion of degeneration {unknown}
 n - a potion of ambrosia {unknown}
 o - a potion of brilliance {unknown}
 q - a potion of resistance {unknown}
 r - a potion of lignification {unknown}
 t - a potion of cancellation {unknown}


   Skills:
 * Level 4.9 Fighting
 * Level 4.1 Axes
 * Level 5.0 Armour
 * Level 2.7 Dodging
 - Level 3.6 Shields


You had 4 spell levels left.
You didn't know any spells.
Your spell library contained the following spells:

 Spells                   Type           Power      Damage    Failure   Level
 Magic Dart               Conj           0%         1d3       86%         1
 Sandblast                Erth           0%         2d4       86%         1
 Passwall                 Tmut/Erth      0%         N/A       94%         2
 Searing Ray              Conj           0%         2d4       94%         2
 Stone Arrow              Conj/Erth      0%         3d7       99%         3
 Fulminant Prism          Conj/Hex       0%         3d5       100%        4


Dungeon Overview and Level Annotations

Branches:
Dungeon (4/15)
 Temple: D:4-7

Altars:
Ashenzari
Dithmenos
Sif Muna
Trog
Zin


Innate Abilities, Weirdness & Mutations

You have a pair of horns on your head.
You reflexively headbutt those who attack you in melee.


Message History

You are poisoned.
The killer bee poisons you! The killer bee barely misses you.
The killer bee closely misses you. You block the killer bee's attack.
The killer bee stings you but does no damage.
The orc wizard hits you with a +0 dagger.
The iguana bites you but does no damage.
An orc comes into view. It is wielding a +0 club.
The orc shouts!
You hit the orc wizard.
The orc wizard is lightly wounded.
You feel sick. The killer bee barely misses you. You furiously retaliate!
You headbutt the killer bee. The killer bee stings you!
The killer bee closely misses you. The killer bee stings you.
You are more poisoned.
The killer bee poisons you! You block the killer bee's attack.
The killer bee stings you. The orc wizard barely misses you.
You block the iguana's attack.
You hit the orc wizard. You headbutt the orc wizard.
The orc wizard is moderately wounded.
You feel very sick. The killer bee stings you. x2
* * * LOW HITPOINT WARNING * * *
The killer bee closely misses you. The killer bee misses you.
The killer bee closely misses you. You furiously retaliate!
You headbutt the killer bee! You block the killer bee's attack.
A hobgoblin comes into view.
The orc wizard hits you but does no damage.
The orc hits you but does no damage. The iguana bites you.
* * * LOW HITPOINT WARNING * * *
You hit the orc wizard.
The orc wizard is heavily wounded.
* * * LOW HITPOINT WARNING * * *
You feel very sick. The killer bee closely misses you. You furiously retaliate!
You headbutt the killer bee!
You kill the killer bee!
The killer bee misses you. You furiously retaliate!
You headbutt the killer bee, but do no damage.
The killer bee closely misses you. The killer bee stings you!
You die...

..... .....:.
...... .......
...... .......
...... .......
#.....# .......
.......#.....:.
......l†.......
......y@.......
......yoo.#+###
........#o#
.o#+#....... .
+.........
#..........
+.<........
#.......g..
..........


You could see an iguana, 2 killer bees, an orc wizard, 3 orcs and a hobgoblin.

Vanquished Creatures
  A killer bee (D:4)
  Jessica (D:2)
  2 orc wizards (D:3)
  Natasha (D:2)
  2 adders
  4 worms
  A dart slug (D:1)
  8 orcs (D:3)
  7 ball pythons
  9 bats
  5 endoplasms
  4 giant cockroaches
  7 hobgoblins
  4 kobolds
  A quokka (D:1)
  3 frilled lizards (D:1)
  11 goblins
  4 rats
75 creatures vanquished.

Notes
Turn   | Place    | Note
-------+----------+-------------------------------------------
     0 | D:1      | Martska the Minotaur Fighter began the quest for the Orb.
     0 | D:1      | Reached XP level 1. HP: 19/19 MP: 0/0
   195 | D:1      | Reached XP level 2. HP: 27/27 MP: 1/1
   268 | D:1      | Reached skill level 1 in Dodging
   281 | D:1      | Reached skill level 4 in Armour
   381 | D:1      | Reached XP level 3. HP: 33/33 MP: 2/2
  1092 | D:2      | Noticed Natasha
  1098 | D:2      | Killed Natasha
  1099 | D:2      | Reached XP level 4. HP: 32/41 MP: 3/3
  1449 | D:2      | Noticed Jessica
  1453 | D:2      | Killed Jessica
  1949 | D:3      | Reached XP level 5. HP: 22/47 MP: 4/4
  2329 | D:3      | Found a bloodstained altar of Trog.
  2334 | D:3      | Found a broken altar of Ashenzari.
  2339 | D:3      | Found a shimmering blue altar of Sif Muna.
  2339 | D:3      | Found a glowing silver altar of Zin.
  2348 | D:3      | Found a shadowy altar of Dithmenos.
  2358 | D:3      | Reached skill level 5 in Armour
  2421 | D:3      | Became a worshipper of Zin the Law-Giver
  2600 | D:4      | Slain by a killer bee

Illustrated notes

Levels and vault maps discovered:
D:1:      dpeg_arrival_simpleton_a, layout_loops_ring, minmay_ruptured
D:2:      layout_loops_corners, chequers_serial_rivers_large_a, uniq_natasha,
          uniq_jessica
D:3:      layout_rooms, nicolae_overflow_hallway_of_the_gods
D:4:      layout_basic, grunt_ministairs_1, kennysheep_orc_chapel, uniq_grinder

Skill      XL: |  1  2  3  4  5 |
---------------+----------------+-----
Dodging        | 1 2 |  2.7
Armour         | 4 5 |  5.0
Fighting       | 4 |  4.9
Axes           | 3 4 |  4.1
Shields        | |  3.6

Action                     |  1- 3 |  4- 6 || total
---------------------------+-------+-------++-------
  Melee: War axe           |    38 |       ||    38
         Whip              |    40 |   128 ||   168
         Headbutt          |     9 |    11 ||    20
 Armour: Scale mail        |    48 |    69 ||   117
  Dodge: Dodged            |    28 |    66 ||    94
  Block: Buckler           |    13 |    23 ||    36
